MLB
BALTIMORE ORIOLES @ NEW YORK YANKEES
03/21/2044
 
TOP OF THE 1ST
Baltimore Orioles batting - Pitching for New York Yankees : LHP Francisco Rivas
Pitching: LHP Francisco Rivas
Batting: RHB Saimei Kudo 0-0: Called Strike
0-1: Ball
1-1: Ball
2-1: Ball
3-1: Called Strike
3-2: Foul Ball, location: 2F
3-2: DOUBLE (Line Drive, 8LXD, EV 102.5 MPH)
Batting: RHB Alex Rodriguez Jr. 0-0: Ball
1-0: Foul Ball, location: 2F
1-1: Ground out 4-3 (Groundball, 4, EV 95.0 MPH)
Saimei Kudo to third
Batting: RHB Kevin Howard 0-0: Fly out, F6 (Line Drive, 6, EV 65.0 MPH)
Batting: RHB Marc Peckermark 0-0: Ball
1-0: Fly out, F7 (Flyball, 7D, EV 89.4 MPH)
Top of the 1st over - 0 runs, 1 hit, 0 errors, 1 left on base; Baltimore 0 - New York 0
BOTTOM OF THE 1ST
New York Yankees batting - Pitching for Baltimore Orioles : RHP Bobby O'Connell
Pitching: RHP Bobby O'Connell
Batting: RHB Sean Neuroth 0-0: Ground out 6-3 (Groundball, 6, EV 80.6 MPH)
Batting: RHB Kai Bellow 0-0: Ball
1-0: Foul Ball, location: 2F
1-1: Ball
2-1: SINGLE (Groundball, 56D, EV 105.0 MPH)
Batting: RHB C.J. Richerson 0-0: Ball
1-0: Called Strike
1-1: Fly out, F7 (Flyball, 7S, EV 80.6 MPH)
Batting: LHB Evan Torraville 0-0: Called Strike
0-1: Swinging Strike
0-2: Strikes out swinging
Bottom of the 1st over - 0 runs, 1 hit, 0 errors, 1 left on base; Baltimore 0 - New York 0
TOP OF THE 2ND
Baltimore Orioles batting - Pitching for New York Yankees : LHP Francisco Rivas
Batting: RHB Dermott Neill 0-0: Ball
1-0: Called Strike
1-1: Ball
2-1: Fly out, F8 (Flyball, 78S, EV 95.0 MPH)
Batting: LHB Stu Sornson 0-0: Ground out 1-3 (Groundball, 34S, EV 73.1 MPH)
Batting: RHB Jeremy Giesler 0-0: Ball
1-0: Ball
2-0: SINGLE (Line Drive, 56D, EV 96.9 MPH)
Batting: RHB Randy Johnson Jr. 0-0: Called Strike
0-1: Swinging Strike
0-2: Ball
1-2: SINGLE (Groundball, 6MD, EV 106.3 MPH)
Jeremy Giesler to second
Runner from 2nd tries for 3rd, SAFE, throw by CF made to third
Batting: RHB Carlos Talavera 0-0: Ball
1-0: Foul Ball, location: 2F
1-1: Ball
2-1: Fielders Choice at 2nd, U4 (Groundball, 4M, EV 96.3 MPH)
Top of the 2nd over - 0 runs, 2 hits, 0 errors, 2 left on base; Baltimore 0 - New York 0
BOTTOM OF THE 2ND
New York Yankees batting - Pitching for Baltimore Orioles : RHP Bobby O'Connell
Batting: SHB Billy Durham 0-0: Ball
1-0: Called Strike
1-1: Ground out U3 (Groundball, 34, EV 91.3 MPH)
Batting: LHB David Bramble 0-0: Ball
1-0: Foul Ball, location: 2F
1-1: Swinging Strike
1-2: Ball
2-2: Ball
3-2: Reached on error, E4 (Groundball, 34, EV 101.3 MPH)
Batting: LHB Yao-pang Tien 0-0: Ball
1-0: Swinging Strike
1-1: Ball
2-1: Foul Ball, location: 2F
2-2: Grounds into double play, 4-6-3 (Groundball, 4, EV 76.9 MPH)
Bottom of the 2nd over - 0 runs, 0 hits, 1 error, 0 left on base; Baltimore 0 - New York 0
TOP OF THE 3RD
Baltimore Orioles batting - Pitching for New York Yankees : LHP Francisco Rivas
Batting: RHB Saimei Kudo 0-0: Foul Ball, location: 2F
0-1: Ball
1-1: Ball
2-1: Foul Ball, location: 2F
2-2: Ground out 5-3 (Groundball, 56, EV 101.9 MPH)
Batting: RHB Alex Rodriguez Jr. 0-0: Called Strike
0-1: Ball
1-1: Foul Ball, location: 2F
1-2: Ball
2-2: Ball
3-2: Fly out, F7 (Flyball, 78D, EV 96.3 MPH)
Batting: RHB Kevin Howard 0-0: Swinging Strike
0-1: Called Strike
0-2: Ball
1-2: Foul Ball, location: 2F
1-2: Strikes out swinging
Top of the 3rd over - 0 runs, 0 hits, 0 errors, 0 left on base; Baltimore 0 - New York 0
BOTTOM OF THE 3RD
New York Yankees batting - Pitching for Baltimore Orioles : RHP Bobby O'Connell
Batting: RHB Geni Prawiranega 0-0: Foul Ball, location: 2F
0-1: Hit by Pitch
Batting: RHB Russ Shambaugh 0-0: Ball
1-0: Foul Ball, location: 2F
1-1: Called Strike
1-2: Fly out, F8 (Flyball, 8LD, EV 93.8 MPH)
Batting: RHB Sean Neuroth 0-0: Ball
1-0: Foul Ball, location: 2F
1-1: Ball
2-1: Ball
3-1: Called Strike
3-2: Grounds into double play, 6-4-3 (Groundball, 6, EV 87.5 MPH)
Bottom of the 3rd over - 0 runs, 0 hits, 0 errors, 0 left on base; Baltimore 0 - New York 0
TOP OF THE 4TH
Baltimore Orioles batting - Pitching for New York Yankees : LHP Francisco Rivas
Batting: RHB Marc Peckermark 0-0: Fly out, F9 (Line Drive, 9, EV 90.6 MPH)
Batting: RHB Dermott Neill 0-0: Foul Ball, location: 2F
0-1: Called Strike
0-2: Foul Ball, location: 2F
0-2: Ball
1-2: Fly out, F8 (Line Drive, 8RM, EV 91.9 MPH)
Batting: LHB Stu Sornson 0-0: Fly out, F6 (Popup, 56D, EV 56.9 MPH)
Top of the 4th over - 0 runs, 0 hits, 0 errors, 0 left on base; Baltimore 0 - New York 0
BOTTOM OF THE 4TH
New York Yankees batting - Pitching for Baltimore Orioles : RHP Bobby O'Connell
Batting: RHB Kai Bellow 0-0: Swinging Strike
0-1: SINGLE (Line Drive, 56D, EV 101.3 MPH)
Batting: RHB C.J. Richerson 0-0: Ball
1-0: Ball
2-0: Called Strike
Kai Bellow steals 2nd base
2-1: Ball
3-1: Ground out U3 (Groundball, 34, EV 85.0 MPH)
Kai Bellow to third
Batting: LHB Evan Torraville 0-0: Ball
1-0: Foul Ball, location: 2F
1-1: DOUBLE (Groundball, 5L, EV 104.4 MPH)
Kai Bellow scores
Batting: SHB Billy Durham 0-0: Ball
1-0: Foul Ball, location: 2F
1-1: SINGLE (Line Drive, 9S, EV 108.1 MPH)
Evan Torraville to third
Runner from 3rd tries for Home, SAFE, throw by RF to home
Batting: LHB David Bramble 0-0: Ball
1-0: Ball
Billy Durham steals 2nd base (no throw)
2-0: Ball
Billy Durham steals 3rd base
3-0: Called Strike
3-1: SINGLE (Groundball, 4D, EV 98.1 MPH)
Billy Durham scores
Batting: LHB Yao-pang Tien 0-0: Ball
1-0: Ball
2-0: Called Strike
2-1: Grounds into double play, 4-6-3 (Groundball, 34, EV 85.0 MPH)
Bottom of the 4th over - 3 runs, 4 hits, 0 errors, 0 left on base; Baltimore 0 - New York 3
TOP OF THE 5TH
Baltimore Orioles batting - Pitching for New York Yankees : LHP Francisco Rivas
Pitching: RHP Greg Adair
Batting: RHB Jeremy Giesler 0-0: Ball
1-0: Ball
2-0: Ball
3-0: Base on Balls
Batting: RHB Randy Johnson Jr. 0-0: Called Strike
Jeremy Giesler is caught stealing 2nd base 2-4
0-1: Ball
1-1: Called Strike
1-2: SINGLE (Flyball, 78S, EV 92.5 MPH)
Batting: RHB Carlos Talavera 0-0: Called Strike
0-1: Swinging Strike
0-2: Strikes out looking
Batting: RHB Saimei Kudo 0-0: Fly out, F8 (Line Drive, 8LM, EV 88.8 MPH)
Top of the 5th over - 0 runs, 1 hit, 0 errors, 1 left on base; Baltimore 0 - New York 3
BOTTOM OF THE 5TH
New York Yankees batting - Pitching for Baltimore Orioles : RHP Bobby O'Connell
Pitching: LHP Manny Trump
Batting: RHB Geni Prawiranega 0-0: Foul Ball, location: 2F
0-1: Ball
1-1: Ball
2-1: Foul Ball, location: 2F
2-2: Ball
3-2: Foul Ball, location: 2F
3-2: Base on Balls
Batting: RHB Russ Shambaugh 0-0: Called Strike
0-1: Ball
1-1: Ball
2-1: SINGLE (Groundball, 56S, EV 65.6 MPH) (infield hit)
Geni Prawiranega to second
Batting: RHB Sean Neuroth 0-0: Ball
1-0: Bunt - Flyout to 15S! F1
Batting: RHB Kai Bellow 0-0: Ball
1-0: Ball
2-0: Ball
3-0: Called Strike
3-1: Swinging Strike
3-2: Foul Ball, location: 2F
3-2: SINGLE (Groundball, 6MD, EV 101.9 MPH)
Geni Prawiranega to third
Russ Shambaugh to second
Runner from 3rd tries for Home, SAFE, throw by CF to home
Batting: RHB C.J. Richerson 0-0: Ball
1-0: Foul Ball, location: 2F
1-1: Ball
2-1: Ball
3-1: Called Strike
Balk!
Russ Shambaugh to third
Kai Bellow to second
3-2: Base on Balls
Pitching: RHP Joon-ho Rhee
Batting: LHB Evan Torraville 0-0: Foul Ball, location: 2F
0-1: Ball
1-1: SINGLE (Line Drive, 7LS, EV 101.9 MPH)
Russ Shambaugh scores
Kai Bellow to third
C.J. Richerson to second
Runner from 3rd tries for Home, SAFE, throw by LF to home
Batting: SHB Billy Durham 0-0: Ball
C.J. Richerson steals 3rd base
Evan Torraville to second
1-0: Ball
2-0: Called Strike
2-1: Fly out, F7 (Flyball, 7, EV 88.1 MPH)
Runner from 3rd tags up, SCORES, throw by LF
Batting: LHB David Bramble 0-0: Ball
1-0: Ball
2-0: Foul Ball, location: 2F
2-1: Swinging Strike
2-2: Foul Ball, location: 2F
2-2: Ball
3-2: Ground out U3 (Groundball, 34, EV 76.3 MPH)
Bottom of the 5th over - 4 runs, 3 hits, 0 errors, 1 left on base; Baltimore 0 - New York 7
TOP OF THE 6TH
Baltimore Orioles batting - Pitching for New York Yankees : RHP Greg Adair
Batting: RHB Alex Rodriguez Jr. 0-0: Foul Ball, location: 2F
0-1: Ball
1-1: Called Strike
1-2: Strikes out looking
Batting: RHB Kevin Howard 0-0: Ground out 4-3 (Groundball, 6MD, EV 98.8 MPH)
Batting: RHB Marc Peckermark 0-0: Called Strike
0-1: Called Strike
0-2: Foul Ball, location: 2F
0-2: Ball
1-2: Ball
2-2: Strikes out swinging
Top of the 6th over - 0 runs, 0 hits, 0 errors, 0 left on base; Baltimore 0 - New York 7
BOTTOM OF THE 6TH
New York Yankees batting - Pitching for Baltimore Orioles : RHP Joon-ho Rhee
Batting: LHB Yao-pang Tien 0-0: Ball
1-0: Foul Ball, location: 2F
1-1: Swinging Strike
1-2: Ball
2-2: Ground out 3-1 (Groundball, 34, EV 80.0 MPH)
Batting: RHB Geni Prawiranega 0-0: Ball
1-0: Called Strike
1-1: Foul Ball, location: 2F
1-2: Ground out 6-3 (Groundball, 6, EV 90.6 MPH)
Batting: RHB Russ Shambaugh 0-0: Ball
1-0: Ball
2-0: Ball
3-0: Base on Balls
Pinch Hitting: LHB Jordan de Jesus 0-0: Ball
1-0: Called Strike
1-1: Swinging Strike
1-2: Ball
Russ Shambaugh steals 2nd base (no throw)
2-2: Foul Ball, location: 2F
2-2: Foul Ball, location: 2F
2-2: Ball
3-2: Foul Ball, location: 2F
3-2: Ground out 6-3 (Groundball, 6M, EV 107.5 MPH)
Bottom of the 6th over - 0 runs, 0 hits, 0 errors, 1 left on base; Baltimore 0 - New York 7
TOP OF THE 7TH
Baltimore Orioles batting - Pitching for New York Yankees : RHP Greg Adair
Now at SS: Jordan de Jesus
Batting: RHB Dermott Neill 0-0: Called Strike
0-1: Foul Ball, location: 2F
0-2: Ball
1-2: SINGLE (Flyball, 34D, EV 88.8 MPH)
Batting: LHB Stu Sornson 0-0: Fly out, F9 (Flyball, 9D, EV 96.3 MPH)
Pinch Hitting: LHB Gabe Pace 0-0: Called Strike
0-1: Ball
1-1: Swinging Strike
1-2: Ball
2-2: 2-RUN HOME RUN (Line Drive, 9LD, EV 95.0 MPH), Distance : 353 ft
Batting: RHB Randy Johnson Jr. 0-0: Called Strike
0-1: Foul Ball, location: 2F
0-2: Ball
1-2: Ball
2-2: Foul Ball, location: 2F
2-2: Strikes out swinging
Batting: RHB Carlos Talavera 0-0: Called Strike
0-1: Ball
1-1: Foul Ball, location: 2F
1-2: Fly out, F7 (Flyball, 7, EV 93.8 MPH)
Top of the 7th over - 2 runs, 2 hits, 0 errors, 0 left on base; Baltimore 2 - New York 7
BOTTOM OF THE 7TH
New York Yankees batting - Pitching for Baltimore Orioles : RHP Joon-ho Rhee
Now in RF: Gabe Pace
Pinch Hitting: RHB Scott King 0-0: Called Strike
0-1: Ball
1-1: Ball
2-1: Ball
3-1: Swinging Strike
3-2: Foul Ball, location: 2F
3-2: Strikes out looking
Pitching: RHP Josh Blankenship
Pinch Hitting: LHB Jason Peck 0-0: Ball
1-0: SINGLE (Flyball, 56D, EV 75.0 MPH)
Pinch Hitting: RHB Sam Saunders 0-0: Ball
1-0: Called Strike
Jason Peck steals 2nd base (no throw)
1-1: Foul Ball, location: 2F
1-2: Ball
2-2: Foul Ball, location: 2F
2-2: Foul Ball, location: 2F
2-2: Ball
3-2: Foul Ball, location: 2F
3-2: Foul Ball, location: 2F
3-2: Ground out 6-3 (Groundball, 6S, EV 83.1 MPH)
Jason Peck to third
Batting: SHB Billy Durham 0-0: Ball
1-0: Foul Ball, location: 2F
1-1: DOUBLE (Line Drive, 7LM, EV 106.3 MPH)
Jason Peck scores
Batting: LHB Jim Skare 0-0: Called Strike
0-1: Swinging Strike
0-2: Foul Ball, location: 2F
0-2: Strikes out swinging
Bottom of the 7th over - 1 run, 2 hits, 0 errors, 1 left on base; Baltimore 2 - New York 8
TOP OF THE 8TH
Baltimore Orioles batting - Pitching for New York Yankees : RHP Greg Adair
Now at 1B: Scott King
Now at 2B: Jordan de Jesus
Now at SS: Jason Peck
Now in RF: Sam Saunders
Pinch Hitting: RHB Andres Leon 0-0: Ball
1-0: Called Strike
1-1: Called Strike
1-2: Foul Ball, location: 2F
1-2: Foul Ball, location: 2F
1-2: Ground out 4-3 (Groundball, 4, EV 80.0 MPH)
Pinch Hitting: RHB Ruben Garza 0-0: Ball
1-0: Ball
2-0: Called Strike
2-1: Ball
3-1: Foul Ball, location: 2F
3-2: Fly out, F8 (Flyball, 8LXD, EV 106.9 MPH)
Pinch Hitting: RHB Danny Merrill 0-0: Swinging Strike
0-1: Swinging Strike
0-2: Ball
1-2: Foul Ball, location: 2F
1-2: Strikes out swinging
Top of the 8th over - 0 runs, 0 hits, 0 errors, 0 left on base; Baltimore 2 - New York 8
BOTTOM OF THE 8TH
New York Yankees batting - Pitching for Baltimore Orioles : RHP Josh Blankenship
Now at 2B: Ruben Garza
Now at 3B: Danny Merrill
Now at SS: Andres Leon
Pinch Hitting: LHB Alejandro Soriano 0-0: DOUBLE (Flyball, 78D, EV 107.5 MPH)
Pinch Hitting: SHB Bartholomeu Chambino 0-0: Called Strike
0-1: Ball
1-1: Foul Ball, location: 2F
1-2: Fly out, F9 (Line Drive, 9, EV 95.6 MPH)
Pinch Hitting: LHB Kazuyoshi Nakamura 0-0: Ball
1-0: Ball
2-0: Ball
3-0: Base on Balls
Batting: LHB Jordan de Jesus 0-0: Ball
1-0: Foul Ball, location: 2F
1-1: Ball
2-1: Foul Ball, location: 2F
2-2: SINGLE (Groundball, 56, EV 103.1 MPH)
Alejandro Soriano to third
Kazuyoshi Nakamura to second
Runner from 3rd tries for Home, SAFE, throw by LF to home
Batting: RHB Scott King 0-0: Ball
1-0: Grounds into double play, 6-4-3 (Groundball, 56, EV 104.4 MPH)
Bottom of the 8th over - 1 run, 2 hits, 0 errors, 1 left on base; Baltimore 2 - New York 9
TOP OF THE 9TH
Baltimore Orioles batting - Pitching for New York Yankees : RHP Greg Adair
Now at 3B: Bartholomeu Chambino
Now in LF: Kazuyoshi Nakamura
Now in CF: Alejandro Soriano
Pinch Hitting: LHB Bob Melley 0-0: Called Strike
0-1: Called Strike
0-2: Strikes out swinging
Batting: LHB Paul Diaz 0-0: Called Strike
0-1: Ball
1-1: Ball
2-1: Foul Ball, location: 2F
2-2: Strikes out swinging
Pinch Hitting: RHB Casey Nelligan 0-0: Called Strike
0-1: Called Strike
0-2: Foul Ball, location: 2F
0-2: Strikes out swinging
Top of the 9th over - 0 runs, 0 hits, 0 errors, 0 left on base; Baltimore 2 - New York 9
Thursday, March 31st , 2022 - OOTP Baseball 22.12 Build 89